[Event "Titled Tuesday Blitz May 30 Early 2023"]
[White "Rosenberg, Evan S"]
[Black "MariusBieliauskas"]
[WhiteFideId "2019299"]
[WhiteElo "2287"]
[BlackElo "2473"]
[Result "1-0"]
[Round "04"]
[TimeControl "180+2"]
[Date "2023.05.30"]
[WhiteClock "0:00:38"]
[BlackClock "0:00:00"]

1. d4 Nf6 2. Bg5 Ne4 3. h4 c5 4. d5 Qb6 5. Nd2 Nxg5 6. hxg5 g6 7. Rb1 Bg7 8. c3 d6 9. e4 Nd7 10. Ngf3 Qc7 11. a4 Nf8 12. Bb5+ Bd7 13. Qe2 a6 14. Bxd7+ Nxd7 15. Rh3 h6 16. gxh6 Rxh6 17. Rxh6 Bxh6 18. g3 Kf8 19. Kf1 Kg7 20. Kg2 Rb8 21. Rh1 b5 22. axb5 axb5 23. Nh4 b4 24. Nf1 bxc3 25. bxc3 Rh8 26. Ne3 Bxe3 27. Qxe3 Ne5 28. Qg5 Kf8 29. f4 Rh5 30. Nxg6+ fxg6 31. Rxh5 gxh5 32. fxe5 dxe5 33. Qxh5 c4 34. Qh8+ Kf7 35. g4 Qa5 36. Qxe5 Qa2+ 37. Kg3 Qe2 38. Qf4+ Kg7 39. g5 Qe1+ 40. Kg4 Qxc3 41. Kf5 Qh3+ 42. Ke5 Qc3+ 43. Ke6 Qa5 44. Qf7+ Kh8 45. Qf8+ Kh7 46. Qxe7+ Kg6 47. Qf6+ Kh5 48. Qh6+ Kg4 49. g6 Qa6+ 50. d6 Qc8+ 51. d7 Qc6+ 52. Ke7 Qxe4+ 53. Kd8 c3 54. g7 Qa8+ 55. Ke7 Qe4+ 56. Qe6+ 1-0


[Site "https://www.chess.com"]

[Event "Titled Tuesday Blitz May 30 Early 2023"]
[White "Balla, Tamas-Kristof"]
[Black "Levitan, Caleb Levi"]
[WhiteFideId "1208497"]
[BlackFideId "14332620"]
[WhiteElo "2334"]
[BlackElo "1963"]
[Result "1-0"]
[Round "04"]
[TimeControl "180+2"]
[Date "2023.05.30"]
[WhiteClock "0:00:16"]
[BlackClock "0:00:02"]

1. e4 e5 2. Nf3 Nc6 3. d4 exd4 4. Nxd4 Qf6 5. Be3 Bc5 6. c3 Nge7 7. Be2 Qg6 8. O-O d6 9. Nxc6 Nxc6 10. Bxc5 dxc5 11. Nd2 Bh3 12. Bf3 O-O 13. Kh1 Be6 14. Qe2 Ne5 15. a3 Rad8 16. Rad1 Nd3 17. e5 Nxb2 18. Rb1 Qc2 19. Ne4 Qxe2 20. Bxe2 Na4 21. Rxb7 Bd5 22. Rxa7 Bxe4 23. Rxa4 Bc6 24. Rc4 Bb5 25. Re4 Bc6 26. Re3 Ra8 27. c4 Rfd8 28. h3 Rd2 29. Bf3 Bxf3 30. Rxf3 Rc2 31. Rd1 Rxc4 32. Rd7 Re4 33. Rfxf7 Rxe5 34. Rxg7+ Kf8 35. Rxh7 Kg8 36. Rdg7+ Kf8 37. Rxc7 Kg8 38. Rhg7+ Kf8 39. Rcf7+ Ke8 40. Rb7 Kf8 41. Rgc7 Re1+ 42. Kh2 Rc1 43. h4 c4 44. h5 c3 45. h6 Kg8 46. Rg7+ Kh8 47. Rh7+ Kg8 48. Rbg7+ Kf8 49. Rh8# 1-0


[Site "https://www.chess.com"]

[Event "Titled Tuesday Blitz May 30 Early 2023"]
[White "Blokhin, Sofia"]
[Black "Erzhanov, Arman"]
[WhiteFideId "4508190"]
[BlackFideId "4138821"]
[WhiteElo "1994"]
[BlackElo "2138"]
[Result "1-0"]
[Round "04"]
[TimeControl "180+2"]
[Date "2023.05.30"]
[WhiteClock "0:00:57"]
[BlackClock "0:01:23"]

1. e4 d6 2. d4 Nf6 3. Nc3 c6 4. f3 e5 5. Be3 b5 6. Qd2 Qa5 7. a3 Be7 8. O-O-O O-O 9. Kb1 Nbd7 10. Nd5 Qd8 11. Nxe7+ Qxe7 12. g4 Nb6 13. h4 Nc4 14. Bxc4 bxc4 15. h5 Rb8 16. Ka1 Qb7 17. Rb1 Nd7 18. g5 Qa6 19. dxe5 dxe5 20. Qc3 Qb5 21. Ne2 Nb6 22. Bxb6 Rxb6 23. h6 g6 24. f4 Re8 25. Rhd1 Bg4 26. fxe5 Bxe2 27. e6 1-0


[Site "https://www.chess.com"]

[Event "Titled Tuesday Blitz May 30 Early 2023"]
[White "De Souza, Cristiano Gomes"]
[Black "Marn, Jan"]
[WhiteFideId "2151758"]
[BlackFideId "14619245"]
[WhiteElo "2068"]
[BlackElo "2242"]
[Result "0-1"]
[Round "04"]
[TimeControl "180+2"]
[Date "2023.05.30"]
[WhiteClock "0:01:11"]
[BlackClock "0:00:08"]

1. d4 d5 2. c4 c6 3. Nf3 dxc4 4. a4 Nf6 5. e3 Bg4 6. Bxc4 e6 7. Nbd2 Nbd7 8. h3 Bh5 9. Be2 Bd6 10. Nc4 Bc7 11. Bd2 O-O 12. b4 Bxf3 13. Bxf3 e5 14. dxe5 Nxe5 15. Nxe5 Bxe5 16. Ra3 Qd6 17. O-O Rad8 18. Bc3 Bxc3 19. Qxd6 Rxd6 20. Rxc3 Rfd8 21. Rb1 Nd5 22. Bxd5 Rxd5 23. b5 c5 24. a5 b6 25. axb6 axb6 26. Ra1 Rd1+ 27. Rxd1 Rxd1+ 28. Kh2 Rb1 29. Rd3 g6 30. Rd8+ Kg7 31. Rc8 Rxb5 32. Kg3 Rb4 33. f3 c4 34. e4 b5 35. Rc7 Kf6 36. f4 Rb3+ 37. Kf2 c3 38. Rc6+ Ke7 39. Rc7+ Ke6 40. g4 b4 41. f5+ gxf5 42. exf5+ Kf6 43. h4 Rb2+ 44. Ke3 c2 45. Kf4 h6 46. g5+ hxg5+ 47. hxg5+ Kg7 48. f6+ Kg6 49. Rc8 b3 50. Rg8+ Kh7 51. Rg7+ Kh8 52. Rxf7 c1=Q+ 53. Kf5 Rf2+ 54. Kg6 Qc2+ 0-1


[Site "https://www.chess.com"]

[Event "Titled Tuesday Blitz May 30 Early 2023"]
[White "Floresvillar Gonzalez, Luis Migu"]
[Black "Dinu, Dumitru-Daniel"]
[WhiteFideId "5100542"]
[BlackFideId "1208403"]
[WhiteElo "2040"]
[BlackElo "2240"]
[Result "0-1"]
[Round "04"]
[TimeControl "180+2"]
[Date "2023.05.30"]
[WhiteClock "0:00:20"]
[BlackClock "0:01:05"]

1. e4 c5 2. d4 cxd4 3. c3 dxc3 4. Nxc3 Nc6 5. Nf3 e6 6. Bc4 Bb4 7. O-O Bxc3 8. bxc3 Nge7 9. Bg5 h6 10. Bf4 O-O 11. Bd6 Re8 12. Bd3 Ng6 13. c4 b6 14. e5 Nh4 15. Re1 Bb7 16. Nxh4 Qxh4 17. Re4 Qd8 18. Rg4 Ne7 19. Qe2 Rc8 20. Re1 Nf5 21. Rf4 Nxd6 22. exd6 f5 23. Qh5 Qg5 24. Rxf5 Qxg2# 0-1


[Site "https://www.chess.com"]

[Event "Titled Tuesday Blitz May 30 Early 2023"]
[White "Zainullina, Nataliya"]
[Black "Hajiyev, Kanan"]
[WhiteFideId "4145488"]
[BlackFideId "13404148"]
[WhiteElo "2182"]
[BlackElo "2103"]
[Result "0-1"]
[Round "04"]
[TimeControl "180+2"]
[Date "2023.05.30"]
[WhiteClock "0:01:39"]
[BlackClock "0:00:58"]

1. d4 Nf6 2. Bf4 a6 3. e3 b5 4. Nf3 Bb7 5. c3 e6 6. Nbd2 c5 7. Bd3 cxd4 8. exd4 Be7 9. O-O O-O 10. Ne5 Nc6 11. Ndf3 Nxe5 12. Nxe5 d6 13. Nf3 Nh5 14. Bd2 Nf6 15. Bf4 Nd5 16. Bd2 h6 17. Qe2 Nf6 18. Rfe1 Qc7 19. Bf4 Nh5 20. Bd2 Bd5 21. a4 Rab8 22. axb5 axb5 23. Bxb5 Bxf3 24. gxf3 Qb7 25. c4 d5 26. b3 Bd6 27. Ba4 dxc4 28. bxc4 Qe7 29. f4 Qh4 30. Qf3 Rb2 31. Be3 Nxf4 32. Rf1 Ne2+ 0-1


[Site "https://www.chess.com"]

[Event "Titled Tuesday Blitz May 30 Early 2023"]
[White "salgadoLO"]
[Black "Tristan, Leonardo"]
[BlackFideId "113816"]
[WhiteElo "2193"]
[BlackElo "2461"]
[Result "0-1"]
[Round "04"]
[TimeControl "180+2"]
[Date "2023.05.30"]
[WhiteClock "0:00:00"]
[BlackClock "0:01:04"]

1. d4 d5 2. c4 e6 3. Nc3 a6 4. cxd5 exd5 5. Nf3 Nf6 6. Bg5 Be6 7. e3 Nbd7 8. Bd3 Bd6 9. O-O c6 10. Rc1 Qc7 11. Bh4 h6 12. Bg3 Bxg3 13. hxg3 O-O 14. Qc2 Rfc8 15. b4 b6 16. a4 Qa7 17. Qe2 a5 18. b5 c5 19. dxc5 bxc5 20. Qd2 Nb6 21. Ra1 Rd8 22. Ne2 Rac8 23. Nf4 Bd7 24. Rfd1 Be8 25. Bf5 Nc4 26. Qe2 Rc7 27. Nd2 Nd6 28. Bb1 Re7 29. Qd3 Qb7 30. Nh5 Nde4 31. Nxf6+ Nxf6 32. Qc3 d4 33. Qxc5 dxe3 34. fxe3 Red7 35. Qc2 Qb6 36. Ba2 Qxe3+ 37. Kh1 Rxd2 38. Rxd2 Rxd2 0-1


[Site "https://www.chess.com"]

[Event "Titled Tuesday Blitz May 30 Early 2023"]
[White "vlajkovicS"]
[Black "Acikel, Mert"]
[BlackFideId "12956465"]
[WhiteElo "2644"]
[BlackElo "2097"]
[Result "1/2-1/2"]
[Round "04"]
[TimeControl "180+2"]
[Date "2023.05.30"]
[WhiteClock "0:00:24"]
[BlackClock "0:00:31"]

1. Nf3 d5 2. c4 e6 3. cxd5 exd5 4. d4 Nf6 5. Nc3 c6 6. g3 Be7 7. Bg2 O-O 8. O-O Nbd7 9. Ne5 Nxe5 10. dxe5 Nd7 11. f4 Re8 12. e4 dxe4 13. Nxe4 Nc5 14. Qc2 Qd4+ 15. Kh1 Bf5 16. Nf6+ Bxf6 17. Qxf5 Be7 18. Rb1 Rad8 19. h3 Nd3 20. e6 fxe6 21. Qxe6+ Kh8 22. Qg4 Nf2+ 23. Rxf2 Qxf2 24. b4 Bxb4 25. Bb2 Re1+ 26. Rxe1 Qxe1+ 27. Kh2 Bc3 28. Qg5 Rd1 29. h4 Bxb2 30. Qh5 Qe7 31. Qxd1 g6 32. a4 Kg7 33. a5 a6 34. h5 c5 35. Qd5 Bd4 36. hxg6 hxg6 37. Qxb7 Qxb7 38. Bxb7 Bc3 39. Bxa6 Bxa5 40. Kh3 Kf6 41. Kg4 Bd2 42. Bd3 Be3 43. Kf3 Bc1 44. g4 g5 45. fxg5+ Kxg5 46. Be2 Ba3 47. Ke4 Bb4 48. Kd5 Ba3 1/2-1/2


[Site "https://www.chess.com"]

[Event "Titled Tuesday Blitz May 30 Early 2023"]
[White "Ciuffoletti, Paolo"]
[Black "Muthaiah AL"]
[WhiteFideId "807630"]
[BlackFideId "5092442"]
[WhiteElo "2143"]
[BlackElo "2353"]
[Result "0-1"]
[Round "04"]
[TimeControl "180+2"]
[Date "2023.05.30"]
[WhiteClock "0:00:00"]
[BlackClock "0:00:17"]

1. e4 e6 2. d4 d5 3. e5 c5 4. c3 Nc6 5. Nf3 Qb6 6. a3 a5 7. b3 Nh6 8. Bd3 Bd7 9. O-O cxd4 10. b4 axb4 11. cxb4 Nxb4 12. Be2 d3 13. Bxd3 Nxd3 14. Qxd3 Bb5 15. Qb3 Bc5 16. Rd1 Bxf2+ 17. Kh1 Ba4 18. Qxb6 Bxb6 19. Re1 Ng4 20. h3 Nf2+ 21. Kh2 Nd3 22. Rf1 Nxe5 23. Nxe5 Bd4 24. Ra2 Bxe5+ 0-1


[Site "https://www.chess.com"]

[Event "Titled Tuesday Blitz May 30 Early 2023"]
[White "Kiseljova, Marya"]
[Black "Wisdomin"]
[WhiteFideId "4155009"]
[WhiteElo "1831"]
[BlackElo "2502"]
[Result "0-1"]
[Round "04"]
[TimeControl "180+2"]
[Date "2023.05.30"]
[WhiteClock "0:00:07"]
[BlackClock "0:00:51"]

1. d4 Nf6 2. c4 c5 3. d5 e6 4. Nc3 exd5 5. cxd5 d6 6. e4 g6 7. h3 Bg7 8. Be3 O-O 9. Nf3 Re8 10. Bd3 Na6 11. a3 Nc7 12. O-O a6 13. a4 Bd7 14. Re1 b5 15. axb5 axb5 16. Rxa8 Qxa8 17. e5 Nfxd5 18. exd6 Nxe3 19. fxe3 Bxc3 20. bxc3 Nd5 21. Qd2 Qc6 22. c4 Nb4 23. cxb5 Qxd6 24. Bc4 Qxd2 25. Nxd2 Rb8 26. Ne4 Bxb5 27. Rc1 Bxc4 28. Rxc4 Nd3 29. Rc3 f5 30. Nxc5 Rb1+ 31. Kh2 Nf2 32. Rb3 Rc1 33. Nd3 Rh1+ 34. Kg3 Ne4+ 35. Kf3 Rf1+ 36. Ke2 Rg1 37. Ne1 Kg7 38. Rb7+ Kh6 39. Ra7 Rh1 40. Rb7 Nc3+ 41. Kf2 Nd1+ 42. Ke2 Nxe3 43. Kxe3 Rxe1+ 44. Kf2 Ra1 45. Kf3 g5 46. g3 Ra3+ 47. Kf2 Ra6 48. Kf3 Kg6 49. h4 Ra3+ 50. Kf2 h6 51. Kg2 Kh5 52. hxg5 hxg5 53. Rh7+ Kg4 54. Rh3 Ra2+ 55. Kg1 Kxh3 0-1


[Site "https://www.chess.com"]

[Event "Titled Tuesday Blitz May 30 Early 2023"]
[White "Gulkov, Igor A."]
[Black "Brown, Raehanna"]
[WhiteFideId "4120973"]
[BlackFideId "7402740"]
[WhiteElo "2343"]
[BlackElo "1655"]
[Result "1-0"]
[Round "04"]
[TimeControl "180+2"]
[Date "2023.05.30"]
[WhiteClock "0:00:19"]
[BlackClock "0:00:00"]

1. Nf3 Nf6 2. c4 g6 3. Nc3 Bg7 4. e4 d6 5. d4 O-O 6. Be2 e5 7. Be3 Nc6 8. d5 Ne7 9. Nd2 Ne8 10. b4 f5 11. f3 f4 12. Bf2 g5 13. c5 Ng6 14. Nc4 Nf6 15. cxd6 cxd6 16. Nb5 Ne8 17. Nxa7 g4 18. Nxc8 Rxc8 19. fxg4 Nf6 20. Nd2 Rf7 21. O-O Rfc7 22. a4 Rc2 23. Bd3 R2c3 24. Be2 Rc2 25. a5 Bh6 26. Bf3 Bg5 27. Qe1 Qd7 28. Qe2 Nh4 29. b5 Nxf3+ 30. gxf3 h5 31. h3 hxg4 32. hxg4 Kg7 33. a6 bxa6 34. bxa6 Nxg4 35. a7 Nxf2 36. Rxf2 Ra8 37. Rg2 Kf6 38. Qd3 Rc7 39. Nf1 Rcxa7 40. Rxa7 Qxa7+ 41. Kh1 Rh8+ 42. Nh2 Qa1+ 43. Rg1 Qb2 44. Rg2 Qc1+ 45. Rg1 Qb2 46. Rg2 Qc1+ 47. Rg1 Qe3 48. Qxe3 fxe3 49. Kg2 Bf4 50. Ng4+ Kg5 51. Re1 Rh4 52. Nxe3 Rh2+ 53. Kg1 Rd2 54. Ng2 Rd3 55. Kf2 1-0


[Site "https://www.chess.com"]

[Event "Titled Tuesday Blitz May 30 Early 2023"]
[White "Guevara Sanchez, Erick Marvin"]
[Black "Manukian, Artak"]
[WhiteFideId "6700136"]
[BlackFideId "13301373"]
[WhiteElo "2040"]
[BlackElo "2130"]
[Result "0-1"]
[Round "04"]
[TimeControl "180+2"]
[Date "2023.05.30"]
[WhiteClock "0:00:10"]
[BlackClock "0:00:39"]

1. e4 c5 2. Nf3 e6 3. d4 cxd4 4. Nxd4 Nf6 5. Bd3 d6 6. Nc3 a6 7. Bg5 Be7 8. Qd2 b5 9. f3 Bb7 10. h4 Nbd7 11. h5 h6 12. Be3 Ne5 13. O-O-O Rc8 14. f4 Nc4 15. Bxc4 Rxc4 16. e5 Nd5 17. Nxd5 Bxd5 18. Rhe1 O-O 19. Kb1 Qc7 20. exd6 Bxd6 21. f5 Rd8 22. Bxh6 Rxd4 23. Qxd4 gxh6 24. f6 Bf4 25. g3 Bxa2+ 26. Kxa2 Rxd4 27. Rxd4 Bg5 28. Rf1 Kh7 29. Rf2 Be3 0-1


[Site "https://www.chess.com"]

[Event "Titled Tuesday Blitz May 30 Early 2023"]
[White "Matveeva, Olga"]
[Black "zano2023"]
[WhiteFideId "24107018"]
[WhiteElo "2009"]
[BlackElo "2149"]
[Result "1-0"]
[Round "04"]
[TimeControl "180+2"]
[Date "2023.05.30"]
[WhiteClock "0:00:15"]
[BlackClock "0:00:00"]

1. d4 d5 2. c4 e6 3. Nf3 Nf6 4. g3 a6 5. Bg2 dxc4 6. O-O Be7 7. a4 O-O 8. Qc2 c6 9. Qxc4 Nbd7 10. a5 b5 11. Qxc6 Ra7 12. Qc2 Rc7 13. Qb3 Bb7 14. Nc3 Nd5 15. Re1 N7f6 16. Bg5 h6 17. Bxf6 Bxf6 18. Rac1 Qc8 19. Na2 Rc4 20. Ne5 Rxc1 21. Rxc1 Qa8 22. Nd7 Rd8 23. Nxf6+ Nxf6 24. Bxb7 Qxb7 25. e3 Qf3 26. Qd1 Qe4 27. Qc2 Qf3 28. Nb4 Rd6 29. Nxa6 Ne4 30. Nc5 Rc6 31. Rf1 Ng5 32. Re1 Nh3+ 33. Kf1 Qh1+ 34. Ke2 Qg2 35. Rf1 Ng1+ 36. Rxg1 Qxg1 37. Qe4 Rc8 38. a6 1-0


[Site "https://www.chess.com"]

[Event "Titled Tuesday Blitz May 30 Early 2023"]
[White "Sargissyan, Sargis"]
[Black "Lakshmi C"]
[WhiteFideId "13303210"]
[BlackFideId "25035347"]
[WhiteElo "2109"]
[BlackElo "1942"]
[Result "1-0"]
[Round "04"]
[TimeControl "180+2"]
[Date "2023.05.30"]
[WhiteClock "0:00:14"]
[BlackClock "0:00:00"]

1. e4 b6 2. d4 Bb7 3. Bd3 d6 4. Nf3 Nd7 5. O-O e5 6. Re1 Qe7 7. Nc3 c6 8. a4 a5 9. d5 Nc5 10. dxc6 Bxc6 11. Nd5 Qb7 12. Bb5 Ne7 13. Bg5 Bxb5 14. axb5 Nxd5 15. exd5 f6 16. Bc1 Be7 17. Be3 O-O 18. Bxc5 bxc5 19. c4 f5 20. Qd2 e4 21. Ng5 Bxg5 22. Qxg5 Qf7 23. Ra3 h6 24. Qf4 Qf6 25. h4 g5 26. hxg5 hxg5 27. Qh2 Rfe8 28. Rh3 f4 29. Rh6 Qg7 30. Qh5 e3 31. Rg6 exf2+ 32. Kxf2 1-0


[Site "https://www.chess.com"]

[Event "Titled Tuesday Blitz May 30 Early 2023"]
[White "Kohler, Aran"]
[Black "Kriti Mayur Patel"]
[WhiteFideId "1002856"]
[BlackFideId "35061780"]
[WhiteElo "2349"]
[BlackElo "1306"]
[Result "1-0"]
[Round "04"]
[TimeControl "180+2"]
[Date "2023.05.30"]
[WhiteClock "0:00:18"]
[BlackClock "0:00:30"]

1. d4 d5 2. Nf3 Nf6 3. Bg5 e6 4. Nbd2 Be7 5. e3 O-O 6. c3 b6 7. Bd3 Bb7 8. Ne5 Nbd7 9. f4 c5 10. Qf3 Re8 11. O-O-O Rc8 12. Kb1 a6 13. g4 b5 14. Bxf6 Bxf6 15. g5 Bxe5 16. dxe5 d4 17. Qxb7 dxe3 18. Nf3 Rb8 19. Qxd7 Qxd7 20. Bxh7+ Kxh7 21. Rxd7 Rbd8 22. Rxd8 Rxd8 23. Re1 Rd3 24. Kc2 c4 25. Re2 Kg6 26. Ne1 Rd8 27. Rxe3 Kf5 28. Rf3 Rh8 29. Rf2 Rh4 30. Ng2 Rh3 31. Kd2 Ke4 32. Ne1 Rh4 33. Re2+ Kf5 34. Ng2 Rh3 35. Rf2 Ke4 36. Ke2 Rxh2 37. g6 fxg6 38. b4 cxb3 39. axb3 Rh3 40. Kd2 a5 41. Kc2 Rg3 42. Ne1 Re3 43. Kd2 Rg3 44. Ng2 Rh3 45. Re2+ Kd5 46. Ne3+ Ke4 47. Ng2+ Kf5 48. c4 bxc4 49. bxc4 Ra3 50. c5 Ra4 51. Kd3 Ra3+ 52. Kc4 Ra1 53. c6 Rc1+ 54. Kb5 a4 55. Ne3+ Kxf4 56. Nc4 Rb1+ 57. Kc5 Rb8 58. c7 Rc8 59. Kd6 a3 60. Nxa3 Kf5 61. Nc4 g5 62. Nb6 Rh8 63. c8=Q Rxc8 64. Nxc8 g4 65. Ne7+ Kf4 66. Kxe6 Kf3 67. Rb2 g3 68. Ng6 g2 69. Rxg2 Kxg2 70. Kf7 Kg3 71. e6 Kg4 72. e7 Kh5 73. Kxg7 Kg5 74. e8=Q Kh5 75. Qe5+ Kg4 76. Qf4+ Kh3 77. Qh4+ Kg2 78. Qg4+ Kf1 79. Kf6 Ke1 80. Ke5 Kd2 81. Qg3 Kc2 82. Kd4 Kb2 83. Qc3+ Kb1 84. Qd2 Ka1 85. Kc3 Kb1 86. Qb2# 1-0


[Site "https://www.chess.com"]

[Event "Titled Tuesday Blitz May 30 Early 2023"]
[White "Kaganskiy, Gleb"]
[Black "dDobravcan"]
[WhiteFideId "4132025"]
[WhiteElo "2165"]
[BlackElo "2111"]
[Result "1-0"]
[Round "04"]
[TimeControl "180+2"]
[Date "2023.05.30"]
[WhiteClock "0:00:40"]
[BlackClock "0:00:07"]

1. e4 d6 2. d4 Nf6 3. Nc3 c6 4. Nf3 Bg4 5. Be3 e6 6. Be2 d5 7. e5 Nfd7 8. h3 Bh5 9. g4 Bg6 10. h4 h5 11. Ng5 hxg4 12. Bxg4 c5 13. h5 Nc6 14. Qf3 cxd4 15. hxg6 Rxh1+ 16. Ke2 Ndxe5 17. gxf7+ Ke7 18. Qxh1 Nxg4 19. Qh4 Nxe3 20. fxe3 dxc3 21. bxc3 Qb6 22. Rd1 Ne5 23. Nf3+ Kxf7 24. Nxe5+ Kg8 25. Rh1 Bd6 26. Qh8# 1-0


[Site "https://www.chess.com"]

[Event "Titled Tuesday Blitz May 30 Early 2023"]
[White "Ziatdinov, Raset"]
[Black "Horokoskii"]
[WhiteFideId "2015323"]
[WhiteElo "2220"]
[BlackElo "2108"]
[Result "1-0"]
[Round "04"]
[TimeControl "180+2"]
[Date "2023.05.30"]
[WhiteClock "0:00:15"]
[BlackClock "0:00:01"]

1. e4 e6 2. d4 d5 3. Nc3 Nf6 4. e5 Nfd7 5. f4 c5 6. Nf3 Nc6 7. Be3 a6 8. Qd2 b5 9. a3 Qa5 10. Be2 b4 11. Nd1 Qb6 12. axb4 cxb4 13. Nf2 a5 14. O-O Ba6 15. c3 Bxe2 16. Qxe2 Be7 17. Nd3 O-O 18. Rfb1 Rfb8 19. g4 bxc3 20. bxc3 Qxb1+ 21. Rxb1 Rxb1+ 22. Kg2 a4 23. Nc1 a3 24. f5 Nb6 25. Qd3 Rb2+ 26. Kg3 Nc4 27. fxe6 fxe6 28. Bf4 Rf8 29. g5 a2 30. Nxa2 Rxa2 31. Qb1 Rb2 32. Qd1 Ra8 33. g6 hxg6 34. Qd3 Kh7 35. Bc1 Rba2 36. Qb1 Bf8 37. Ng5+ Kh8 38. Qxg6 Rxh2 39. Kxh2 Ra2+ 40. Kg3 1-0


[Site "https://www.chess.com"]

[Event "Titled Tuesday Blitz May 30 Early 2023"]
[White "Dubreuil, Julien"]
[Black "Steenbekkers, Franck"]
[WhiteFideId "621285"]
[BlackFideId "1004220"]
[WhiteElo "2322"]
[BlackElo "2106"]
[Result "1-0"]
[Round "04"]
[TimeControl "180+2"]
[Date "2023.05.30"]
[WhiteClock "0:02:52"]
[BlackClock "0:02:36"]

1. e4 c5 2. Nf3 Nc6 3. d4 cxd4 4. Nxd4 Nf6 5. Nc3 e5 6. Ndb5 d6 7. Na3 a6 8. Nc4 b5 9. Ne3 b4 10. Ncd5 Nxe4 11. Qf3 Nf6 12. Nxf6+ 1-0


[Site "https://www.chess.com"]

[Event "Titled Tuesday Blitz May 30 Early 2023"]
[White "Mikhaylova, Irina"]
[Black "Winkels, Marcel"]
[WhiteFideId "4109040"]
[BlackFideId "1003887"]
[WhiteElo "1975"]
[BlackElo "1900"]
[Result "1-0"]
[Round "04"]
[TimeControl "180+2"]
[Date "2023.05.30"]
[WhiteClock "0:00:10"]
[BlackClock "0:00:07"]

1. Nf3 Nf6 2. c4 g6 3. Nc3 Bg7 4. e4 d6 5. d4 O-O 6. Be2 e5 7. dxe5 dxe5 8. Qxd8 Rxd8 9. Bg5 c6 10. Nxe5 Re8 11. O-O-O Nxe4 12. Nxe4 Bxe5 13. Bf3 Bf5 14. Nd6 Bxd6 15. Rxd6 Be6 16. b3 Na6 17. Rhd1 Kg7 18. h4 h6 19. Bd2 Nc5 20. Bc3+ Kh7 21. Bb4 Na6 22. Ba3 Nc7 23. Bb2 a5 24. Bf6 Rec8 25. g4 Ne8 26. Be5 Nxd6 27. Bxd6 b5 28. c5 b4 29. Rd4 Re8 30. Bxc6 a4 31. Bxe8 Rxe8 32. Rxb4 axb3 33. axb3 Bd5 34. Kb2 Re2+ 35. Kc3 Rxf2 36. Rf4 Re2 37. b4 Bc6 38. Rxf7+ Kg8 39. Rc7 Bb5 40. c6 Re3+ 41. Kd4 Re1 42. Kc5 Ba4 43. b5 Rc1+ 44. Kb6 Rb1 45. Ka5 Bxb5 46. Rc8+ Kf7 47. c7 Bd7 48. Rd8 Ke6 49. Bb4 Rc1 50. Kb6 Rc6+ 51. Kb7 Rc4 52. Ba5 Rxg4 53. Rxd7 1-0


[Site "https://www.chess.com"]

[Event "Titled Tuesday Blitz May 30 Early 2023"]
[White "Jiganchine, Roman"]
[Black "Dominguez Rincon, Miller Duvan"]
[WhiteFideId "2603667"]
[BlackFideId "4406583"]
[WhiteElo "2291"]
[BlackElo "2013"]
[Result "1-0"]
[Round "04"]
[TimeControl "180+2"]
[Date "2023.05.30"]
[WhiteClock "0:00:51"]
[BlackClock "0:00:00"]

1. e4 e5 2. Nf3 Nc6 3. Nc3 Nf6 4. Bb5 Bb4 5. O-O O-O 6. Bxc6 dxc6 7. d3 Bxc3 8. bxc3 Re8 9. h3 h6 10. Nh2 c5 11. f4 Qd6 12. Kh1 b5 13. Rb1 Rb8 14. Qe1 Be6 15. fxe5 Qxe5 16. Bf4 Qh5 17. Bxc7 Rbc8 18. Bf4 a6 19. a3 Bd5 20. Qg3 Bc6 21. Bd2 Kh8 22. Rf5 Qg6 23. Qxg6 fxg6 24. Rxc5 Bb7 25. Rxc8 Rxc8 26. Nf3 Re8 27. Kh2 Bc6 28. Nd4 Bd7 29. Bf4 Kg8 30. Nb3 Kf7 31. Nc5 Bc8 32. a4 Ke7 33. axb5 axb5 34. Rxb5 g5 35. Bg3 Nh5 36. Bb8 Kd8 37. Nb3 Nf6 38. Rb4 Ke7 39. Nd4 Kf7 40. Bd6 Bd7 41. Bg3 1-0


[Site "https://www.chess.com"]

[Event "Titled Tuesday Blitz May 30 Early 2023"]
[White "Brod, Manfred"]
[Black "Mirzanurov, Bulat"]
[WhiteFideId "1602110"]
[BlackFideId "4184521"]
[WhiteElo "2152"]
[BlackElo "2005"]
[Result "1-0"]
[Round "04"]
[TimeControl "180+2"]
[Date "2023.05.30"]
[WhiteClock "0:01:19"]
[BlackClock "0:00:08"]

1. e4 c5 2. Nf3 d6 3. d4 cxd4 4. Nxd4 Nf6 5. Nc3 a6 6. Be2 e5 7. Nb3 Be7 8. Be3 Be6 9. Nd5 Nxd5 10. exd5 Bf5 11. Qd2 Nd7 12. Na5 Rb8 13. c4 Qc7 14. O-O O-O 15. Rfd1 Nf6 16. f3 Bd8 17. b4 Be7 18. c5 dxc5 19. d6 Bxd6 20. Qxd6 Qxd6 21. Rxd6 cxb4 22. Ba7 Ra8 23. Bc5 Rfc8 24. Bxb4 Ne8 25. Rb6 Rc2 26. Bd1 Rb2 27. Nc4 Rxb4 28. Rxb4 b5 29. Nxe5 Nd6 30. Rd4 Nc4 31. Nxc4 bxc4 32. Rxc4 Be6 33. Rc7 Kf8 34. Bb3 Bxb3 35. axb3 Rb8 36. Rxa6 Rxb3 37. Ra8+ Rb8 38. Rxb8# 1-0


[Site "https://www.chess.com"]

[Event "Titled Tuesday Blitz May 30 Early 2023"]
[White "Zaichenko, Daria"]
[Black "Torres Dominguez, David"]
[WhiteFideId "4197453"]
[BlackFideId "2220857"]
[WhiteElo "2039"]
[BlackElo "1999"]
[Result "1-0"]
[Round "04"]
[TimeControl "180+2"]
[Date "2023.05.30"]
[WhiteClock "0:00:29"]
[BlackClock "0:00:00"]

1. e4 e5 2. Nf3 Nc6 3. Bc4 Bc5 4. d3 Nf6 5. c3 d6 6. Bb3 a6 7. O-O Ba7 8. Nbd2 h6 9. Re1 g5 10. Nf1 g4 11. N3d2 h5 12. Ne3 h4 13. f3 g3 14. h3 Nh5 15. Nf1 Nf4 16. Kh1 Bxh3 17. gxh3 Nxh3 18. Qe2 Nf2+ 19. Kg1 h3 20. Nxg3 h2+ 21. Kxf2 Qh4 22. Qf1 Rg8 23. Qg2 O-O-O 24. Rh1 f5 25. Be6+ Kb8 26. Bxf5 d5 27. Rxh2 Qg5 28. Rh5 Qg7 29. Bd2 dxe4 30. Bxe4 Qf7 31. Rah1 Rdf8 32. Qh3 1-0


[Site "https://www.chess.com"]

[Event "Titled Tuesday Blitz May 30 Early 2023"]
[White "Pg, Mohd Omar Ak Hira"]
[Black "Maluco_do_Natal_00"]
[WhiteFideId "10500103"]
[WhiteElo "2167"]
[BlackElo "2024"]
[Result "1-0"]
[Round "04"]
[TimeControl "180+2"]
[Date "2023.05.30"]
[WhiteClock "0:00:33"]
[BlackClock "0:00:04"]

1. e4 c5 2. Nf3 Nc6 3. d4 cxd4 4. Nxd4 Nf6 5. Nc3 e5 6. Ndb5 d6 7. Be2 a6 8. Na3 b5 9. Nd5 Be7 10. Nxf6+ Bxf6 11. c3 Be6 12. Bf3 Ne7 13. O-O d5 14. Nc2 dxe4 15. Bxe4 Bd5 16. Qe2 Bxe4 17. Qxe4 O-O 18. Ne3 Qc7 19. Ng4 Qd6 20. Be3 Rad8 21. h3 Qe6 22. Bc5 Rfe8 23. Bxe7 Rxe7 24. a4 Bg5 25. Qb4 f5 26. Nh2 Rd5 27. Nf3 Bf6 28. axb5 Rxb5 29. Qa3 Rb6 30. Rfe1 Kf7 31. Rad1 h6 32. Rd8 Kg6 33. Nd4 Qd6 34. Rxd6 exd4 35. Rxe7 1-0


[Site "https://www.chess.com"]

[Event "Titled Tuesday Blitz May 30 Early 2023"]
[White "Saim, Mohamed Ilias"]
[Black "Fudalej, Michal"]
[WhiteFideId "7900465"]
[BlackFideId "1118781"]
[WhiteElo "2063"]
[BlackElo "2088"]
[Result "0-1"]
[Round "04"]
[TimeControl "180+2"]
[Date "2023.05.30"]
[WhiteClock "0:00:55"]
[BlackClock "0:00:51"]

1. d4 Nf6 2. Nf3 g6 3. e3 Bg7 4. Be2 b6 5. O-O Bb7 6. c4 O-O 7. Nc3 d6 8. Qc2 Nbd7 9. e4 e5 10. d5 Nh5 11. Bg5 f6 12. Be3 Nf4 13. Bd1 Rf7 14. g3 Nh5 15. Nh4 Nf8 16. Bxh5 gxh5 17. Nf5 Ng6 18. h4 Bc8 19. Nh6+ Bxh6 20. Bxh6 f5 21. exf5 Bxf5 22. Ne4 Nxh4 23. Bg5 Nf3+ 24. Kg2 Nxg5 0-1


[Site "https://www.chess.com"]